 Dungeon Crawl Stone Soup version 0.24-a0-284-g9fb9971df1 (webtiles) character file.

Game seed: 9985459521235352888

203 HAL9000 the Vexing (level 5, 0/24 HPs)
             Began as a Vine Stalker Enchanter on May 5, 2019.
             Succumbed to an adder's poison
             ... on level 3 of the Dungeon.
             The game lasted 00:05:07 (2939 turns).

HAL9000 the Vexing (Vine Stalker Enchanter)         Turns: 2939, Time: 00:05:08

Health: 0/24       AC:  2    Str: 11    XL:     5   Next: 81%
Magic:  1/9        EV: 12    Int: 16    God:
Gold:   120        SH:  0    Dex: 14    Spells: 2/8 levels left

rFire    . . .     SeeInvis .   a - +1 dagger
rCold    . . .     Gourm    +   (no shield)
rNeg     . . .     Faith    .   b - +0 robe
rPois    .         Spirit   +   (no helmet)
rElec    .         Reflect  .   (no cloak)
rCorr    .         Harm     .   (no gloves)
MR       +....                  (no boots)
Stlth    ++........             l - amulet of the gourmand
HPRegen  0.48/turn              e - ring of protection from magic
MPRegen  0.11/turn              (no ring)

@: lethally poisoned (0 -> -3), berserk cooldown, slowed, very slow
A: fangs 2, regeneration 1, magic shield, antimagic bite, no potion heal 3, rot
immunity
a: no special abilities


You were on level 3 of the Dungeon.
You were completely stuffed.

You visited 1 branch of the dungeon, and saw 3 of its levels.

You collected 120 gold pieces.

Inventory:

Hand Weapons
 a - a +1 dagger (weapon)
Missiles
 i - 8 javelins (quivered)
 m - 3 tomahawks
Armour
 b - a +0 robe (worn)
Jewellery
 e - a ring of protection from magic (left hand)
 l - an amulet of the gourmand (around neck)
Scrolls
 c - a scroll of teleportation {unknown}
 f - 3 scrolls of identify {unknown}
 h - a scroll of magic mapping {unknown}
 k - a scroll of enchant weapon {unknown}
 n - a scroll of random uselessness {unknown}
Potions
 g - a potion of berserk rage
Comestibles
 d - 6 rations
 o - a chunk of flesh


   Skills:
 + Level 3.4 Short Blades
 - Level 1.5 Dodging
 - Level 3.6 Stealth
 - Level 2.1 Spellcasting
 + Level 5.0 Hexes


You had 2 spell levels left.
You knew the following spells:

 Your Spells              Type           Power        Failure   Level  Hunger
a - Corona                Hex            ###....      2%          1    #......
b - Ensorcelled Hibernat  Hex/Ice        #.....       11%         2    ###....
c - Confuse               Hex            ###.....     8%          3    ###....

Your spell library contained the following spells:

 Spells                   Type           Power        Failure   Level  Hunger
 Tukima's Dance           Hex            ###.....     8%          3    ###....
 Dazzling Spray           Conj/Hex       #.....       22%         3    ###....


Dungeon Overview and Level Annotations

Branches:
Dungeon (3/15)

Altars:
Kikubaaqudgha
Xom


Innate Abilities, Weirdness & Mutations

You have extremely sharp teeth.
Your natural rate of healing is unusually fast.
When hurt, damage is shared between your health and your magic reserves.
Your bite disrupts and absorbs the magic of your enemies.
Potions cannot restore your health.
You are immune to rotting.


Message History

* * * LOW HITPOINT WARNING * * *
You feel sick.
You see here an adder corpse.
You are too berserk!
Unknown command.
You feel your anger nearly subside.
* * * LOW HITPOINT WARNING * * *
You feel sick.
There isn't anything here!
You are no longer berserk.
You are exhausted.
You feel yourself slow down.
* * * LOW HITPOINT WARNING * * *
You feel sick.
There is a lethal amount of poison in your body!
There is a lethal amount of poison in your body!
Sorry, you're not good enough to have a special ability.
Unknown command.
It was a potion of heal wounds.
That seemed strangely inert.
You die...

##.##### .......## ### .......#
##.## ## .. #..#######.#.#####
######.
####.##.........###....###...#.⌠
....o#.......†## ##.####.#.#.#.
####..##....###@###....#.⌠.#.⌠.#
#...........÷†...#.###.'..#.#.#.
#.##...#....####..## #.'.#.⌠.#.⌠
###.##.#.# #.## #.'..#.#.#.
.$##.#.# #.# #####.⌠.#.⌠.#
##.##.#.# #.###..)##.#.#.#.
#.##.#.# #.......###...#.⌠
#.##.#(# #.###÷..# ######.
#.##.#.# #.# ###.###### ##


There were no monsters in sight!

Vanquished Creatures
  2 vampire bats (D:3)
  5 adders
  A worm (D:2)
  2 dart slugs (D:1)
  3 leopard geckos
  3 orcs
  A ball python (D:2)
  8 bats
  5 bat skeletons (D:3)
  2 bat zombies (D:3)
  3 giant cockroaches (D:2)
  6 goblins
  6 hobgoblins
  5 jackals
  7 kobolds
  4 frilled lizards
  6 rats
69 creatures vanquished.

Notes
Turn   | Place    | Note
-------+----------+-------------------------------------------
     0 | D:1      | HAL9000 the Vine Stalker Enchanter began the quest for the
                  | Orb.
     0 | D:1      | Reached XP level 1. HP: 9/9 MP: 4/4
   218 | D:1      | Found a shimmering altar of Xom.
   226 | D:1      | Reached skill level 1 in Short Blades
   521 | D:1      | Reached XP level 2. HP: 13/13 MP: 6/6
   591 | D:1      | Learned a level 2 spell: Ensorcelled Hibernation
  1088 | D:2      | Reached skill level 4 in Hexes
  1088 | D:2      | Reached XP level 3. HP: 14/16 MP: 1/7
  1557 | D:2      | Learned a level 3 spell: Confuse
  1770 | D:2      | Gained mutation: Your natural rate of healing is unusually
                  | fast. [Vine Stalker growth]
  1770 | D:2      | Reached XP level 4. HP: 13/21 MP: 4/8
  2771 | D:3      | Found an ancient bone altar of Kikubaaqudgha.
  2774 | D:3      | Reached XP level 5. HP: 24/24 MP: 9/9
  2933 | D:3      | Reached skill level 5 in Hexes
  2938 | D:3      | HP: 1/24 [poisoned by an adder]
  2939 | D:3      | Succumbed to an adder's poison

Levels and vault maps discovered:
D:1:      dpeg_arrival_renting, layout_basic, xom_teletrap_fun
D:2:      layout_basic
D:3:      minmay_door_path, layout_loops_ring, kennysheep_vampire_church

Skill      XL: |  1  2  3  4  5 |
---------------+----------------+-----
Short Blades   | 1 2 3 |  3.4
Hexes          | 4 5 |  5.0
Dodging        | |  1.5
Stealth        | |  3.6
Spellcasting   | |  2.1

Action                   |  1- 3 |  4- 6 || total
-------------------------+-------+-------++-------
Melee: Dagger            |    90 |   132 ||   222
       Bite              |    20 |    11 ||    31
 Cast: Corona            |     5 |       ||     5
       Ensorcelled Hiber |     5 |    12 ||    17
       Confuse           |       |     2 ||     2
  Use: Potion            |       |     2 ||     2
 Stab: Sleeping          |     7 |    12 ||    19
       Confused          |       |     2 ||     2
  Eat: Chunk             |     3 |    14 ||    17
Armor: Robe              |    20 |    21 ||    41
Dodge: Dodged            |    61 |   108 ||   169

Table legend:
 A = Non-vault XP
 B = Vault XP
 C = Vault XP percentage of total XP
 D = Non-vault monster count
 E = Vault monster count
 F = Vault count percentage of total count
                 A         B        C        D         E       F
            +---------+---------+-------+---------+---------+-------
      Total |     170 |     121 |  41.6 |      60 |       9 |  13.0
            +---------+---------+-------+---------+---------+-------
        D:1 |      25 |       0 |   0.0 |      12 |       0 |   0.0
        D:2 |      90 |       0 |   0.0 |      31 |       0 |   0.0
        D:3 |      55 |     121 |  68.8 |      17 |       9 |  34.6
            +---------+---------+-------+---------+---------+-------
